[Event "Titled Tuesday Blitz April 4 Early 2023"]
[White "Hirneise, Jens"]
[Black "Albornoz Cabrera, Carlos Daniel"]
[WhiteFideId "24614734"]
[BlackFideId "3518736"]
[WhiteElo "2345"]
[BlackElo "2516"]
[Result "1/2-1/2"]
[Round "05"]
[TimeControl "180+2"]
[Date "2023.04.04"]
[WhiteClock "0:00:05"]
[BlackClock "0:00:46"]

1. c4 Nf6 2. b3 g6 3. Bb2 Bg7 4. g3 O-O 5. Bg2 c6 6. Nf3 d5 7. O-O a5 8. d3 a4 9. Nbd2 a3 10. Bc3 d4 11. Bxd4 Na6 12. Bc3 Bg4 13. h3 Bf5 14. g4 Be6 15. Ng5 Bd7 16. Nge4 Nxe4 17. Nxe4 Bxc3 18. Nxc3 e5 19. d4 h5 20. gxh5 Qh4 21. Qd3 exd4 22. Ne4 f5 23. Nd2 Nc5 24. Nf3 Nxd3 25. Nxh4 Nf4 26. Nxg6 Nxe2+ 27. Kh2 Rfe8 28. Rad1 Rad8 29. Rd2 c5 30. Bxb7 Nc3 31. Rg1 Kh7 32. Nf4 Rg8 33. Rxg8 Rxg8 34. Nd5 Nxd5 35. Bxd5 Re8 36. Kg3 Re1 37. Kf4 Rb1 38. Re2 d3 39. Re7+ Kh6 40. Rxd7 d2 41. Bf3 Rb2 42. Kxf5 Rxa2 43. Rd5 Rb2 44. Rxc5 Rxb3 45. Rc6+ Kh7 46. Be2 Rb1 47. Ra6 Ra1 48. c5 d1=Q 49. Bxd1 Rxd1 50. Rxa3 Rd5+ 51. Kg4 Rxc5 52. Ra6 Rc1 53. f4 Rg1+ 54. Kf5 Rf1 55. Rg6 Re1 56. h4 Rf1 57. Rg4 Ra1 58. Kg5 Rf1 59. f5 Kg7 60. h6+ Kh7 61. Re4 Rg1+ 62. Kf6 Kxh6 63. Ke7 Ra1 64. f6 Ra7+ 65. Ke6 Ra6+ 66. Kf7 Ra7+ 67. Ke6 Ra6+ 68. Kf5 Ra5+ 69. Ke6 Ra6+ 1/2-1/2


[Site "https://www.chess.com"]

[Event "Titled Tuesday Blitz April 4 Early 2023"]
[White "Francisco Guecamburu, Candela Be"]
[Black "Papasimakopoulos, Alexandros"]
[WhiteFideId "160911"]
[BlackFideId "4244125"]
[WhiteElo "2326"]
[BlackElo "2359"]
[Result "0-1"]
[Round "05"]
[TimeControl "180+2"]
[Date "2023.04.04"]
[WhiteClock "0:00:03"]
[BlackClock "0:00:18"]

1. e4 e6 2. d4 d5 3. Nc3 Bb4 4. Qd3 dxe4 5. Qxe4 Nf6 6. Qh4 Nc6 7. Nf3 Ne7 8. Bb5+ Bd7 9. Bxd7+ Qxd7 10. Ne5 Nf5 11. Nxd7 Nxh4 12. Nxf6+ gxf6 13. O-O Rg8 14. g3 Nf3+ 15. Kg2 Nxd4 16. Ne4 Be7 17. c3 Nc6 18. Be3 f5 19. Nd2 O-O-O 20. Nc4 Rd5 21. a4 Ne5 22. Nxe5 Rxe5 23. Bxa7 b6 24. a5 Kb7 25. axb6 cxb6 26. Rfd1 Rd5 27. c4 Rdd8 28. b4 Bxb4 29. Rdb1 Bc5 30. Bxb6 Bxb6 31. c5 Ra8 32. Rxb6+ Kc7 33. Rab1 Ra7 34. c6 Rga8 35. Kh3 h6 36. R1b2 Ra2 37. Rb7+ Kxc6 38. R2b6+ Kc5 39. Rb5+ Kc4 40. Rb4+ Kc3 41. Rb3+ Kc2 42. R3b6 R8a7 43. Rc6+ Kd3 44. Rcc7 Rxb7 45. Rxb7 Rxf2 46. Rxf7 e5 47. g4 fxg4+ 48. Kxg4 Rxf7 0-1


[Site "https://www.chess.com"]

[Event "Titled Tuesday Blitz April 4 Early 2023"]
[White "Ferenc83"]
[Black "Bocharov, Dmitry"]
[BlackFideId "4138716"]
[WhiteElo "2536"]
[BlackElo "2469"]
[Result "1-0"]
[Round "05"]
[TimeControl "180+2"]
[Date "2023.04.04"]
[WhiteClock "0:01:07"]
[BlackClock "0:00:18"]

1. e4 c5 2. Nf3 d6 3. c3 Nf6 4. Bd3 e5 5. O-O Nc6 6. Re1 d5 7. exd5 Qxd5 8. Bb5 Bg4 9. h3 Bxf3 10. Qxf3 Qxf3 11. gxf3 O-O-O 12. Na3 Bd6 13. Nc4 Nd5 14. Bxc6 bxc6 15. Nxd6+ Rxd6 16. Rxe5 Nf4 17. d4 Nd3 18. Re7 cxd4 19. cxd4 Rd7 20. Rxd7 Kxd7 21. Be3 Rb8 22. b3 Nb4 23. Kf1 Nd5 24. Ke2 f5 25. Kd3 g6 26. Bd2 Re8 27. Rc1 Kd6 28. Rc4 Nb6 29. Rc1 Re6 30. Bf4+ Kd7 31. Be5 Nd5 32. f4 Re8 33. h4 a5 34. h5 Ke6 35. hxg6 hxg6 36. Rxc6+ Kf7 37. Rd6 Nb4+ 38. Ke3 Nxa2 39. Rf6+ Ke7 40. Rxg6 Nb4 41. Rg7+ Ke6 42. Rg6+ Ke7 43. Rg7+ Ke6 44. Ra7 Rc8 45. Rxa5 Rc3+ 46. Ke2 Rxb3 47. Kf1 Nd5 48. Kg2 Rb2 49. Ra6+ Ke7 50. Ra3 Ke6 51. Kf3 Rc2 52. Kg2 Ke7 53. Rb3 Nc3 54. Rb7+ Ke6 55. Rc7 Kd5 56. Rc5+ 1-0


[Site "https://www.chess.com"]

[Event "Titled Tuesday Blitz April 4 Early 2023"]
[White "Bronstein, Or"]
[Black "Gurevich, Dmitry"]
[WhiteFideId "2815770"]
[BlackFideId "2000407"]
[WhiteElo "2356"]
[BlackElo "2506"]
[Result "1-0"]
[Round "05"]
[TimeControl "180+2"]
[Date "2023.04.04"]
[WhiteClock "0:00:15"]
[BlackClock "0:00:07"]

1. e4 c5 2. Nf3 d6 3. Bb5+ Bd7 4. Bxd7+ Qxd7 5. c4 Nc6 6. d4 cxd4 7. Nxd4 Nf6 8. Nc3 e6 9. O-O Be7 10. b3 O-O 11. Bb2 Rfd8 12. Re1 b6 13. Nxc6 Qxc6 14. Qf3 a6 15. Rac1 Rac8 16. Qd3 Qb7 17. h3 Rb8 18. a4 Rbc8 19. Qg3 Bf8 20. Rcd1 Nd7 21. Re3 Nc5 22. Qg4 Nxb3 23. Rg3 g6 24. Qf4 Nc5 25. Nd5 e5 26. Nf6+ Kh8 27. Qh4 h6 28. Bc1 h5 29. Rg5 1-0


[Site "https://www.chess.com"]

[Event "Titled Tuesday Blitz April 4 Early 2023"]
[White "koncheto"]
[Black "Kosteniuk, Alexandra"]
[BlackFideId "4128125"]
[WhiteElo "2528"]
[BlackElo "2453"]
[Result "1/2-1/2"]
[Round "05"]
[TimeControl "180+2"]
[Date "2023.04.04"]
[WhiteClock "0:00:10"]
[BlackClock "0:00:16"]

1. e4 c5 2. Nf3 e6 3. d4 cxd4 4. Nxd4 Nc6 5. Nc3 Nf6 6. Nxc6 bxc6 7. e5 Nd5 8. Ne4 Qc7 9. f4 f5 10. exf6 gxf6 11. Bd3 Nxf4 12. Nxf6+ Kd8 13. O-O Bd6 14. Ne4 e5 15. Qg4 Qb6+ 16. Kh1 Nxd3 17. cxd3 Kc7 18. Nxd6 Kxd6 19. Qg7 Re8 20. d4 Qxd4 21. Bf4 Re7 22. Qf6+ Re6 23. Qg7 Kc7 24. Rad1 Qxb2 25. Rfe1 Rb8 26. Bxe5+ Rxe5 27. Rxe5 Rb5 28. Rde1 Qc3 29. Qg3 Qxg3 30. hxg3 Rb2 31. R1e2 Rb1+ 32. Kh2 Ba6 33. R2e3 Bc4 34. a4 Bd5 35. Re2 Rb4 36. Rh5 Rxa4 37. Rxh7 Rd4 38. Kh3 Rd3 39. Kh4 a5 40. g4 a4 41. Rh8 Rd4 42. Ra8 Be6 43. Kg5 Rxg4+ 44. Kf6 Rb4 45. g3 Rb3 46. Rxa4 Rf3+ 47. Kg5 Rxg3+ 48. Kh4 Rd3 49. Ra7+ Kd6 50. Ra4 c5 51. Kg5 c4 52. Rc2 Rd5+ 53. Kf4 Rc5 54. Ke3 Ke7 55. Kd4 Rc6 56. Ra5 Rd6+ 57. Kc3 Rc6 58. Rh5 Rb6 59. Rd2 Rb3+ 60. Kc2 Ra3 61. Rh7+ Kd8 62. Rh8+ Kc7 63. Rh4 Ra2+ 64. Kd1 Ra1+ 65. Kc2 Ra2+ 66. Kc3 Ra3+ 67. Kb4 Rb3+ 68. Ka4 c3 69. Rdd4 Rb6 70. Rh2 Rc6 71. Rc2 Bf5 72. Rc1 c2 73. Kb3 Be6+ 74. Kb4 Rb6+ 75. Kc3 Rc6+ 76. Kb4 Bf5 77. Rc4 d5 78. Rxc6+ Kxc6 79. Kc3 Kd6 80. Rxc2 Bxc2 81. Kxc2 Ke5 82. Kd3 d4 83. Kd2 Ke4 84. Ke2 d3+ 85. Kd2 Kd4 86. Kd1 Ke3 87. Ke1 d2+ 88. Kd1 Kd3 1/2-1/2


[Site "https://www.chess.com"]

[Event "Titled Tuesday Blitz April 4 Early 2023"]
[White "UNSTOPPABLE_LEGEND"]
[Black "polandchessplayer"]
[WhiteElo "2508"]
[BlackElo "2694"]
[Result "0-1"]
[Round "05"]
[TimeControl "180+2"]
[Date "2023.04.04"]
[WhiteClock "0:01:45"]
[BlackClock "0:01:56"]

1. a3 e5 2. b3 d5 3. Bb2 Nc6 4. e3 Bd6 5. Bb5 f6 6. d4 e4 7. Nd2 a6 8. Bxc6+ bxc6 9. c4 Be6 10. Ne2 Nh6 11. O-O O-O 12. Rc1 a5 13. Qc2 Bd7 14. Rfd1 f5 15. Nf1 g5 16. h4 gxh4 17. Nf4 Qg5 18. Qd2 Rf7 19. cxd5 cxd5 20. Nxd5 Rg7 21. g3 hxg3 22. fxg3 Bxg3 23. Nxg3 Qxg3+ 24. Kf1 Bb5+ 25. Rc4 Qf3+ 0-1


[Site "https://www.chess.com"]

[Event "Titled Tuesday Blitz April 4 Early 2023"]
[White "Santos Flores, Alberto"]
[Black "Salemgareev, Tagir"]
[WhiteFideId "3601234"]
[BlackFideId "24199052"]
[WhiteElo "2235"]
[BlackElo "2360"]
[Result "0-1"]
[Round "05"]
[TimeControl "180+2"]
[Date "2023.04.04"]
[WhiteClock "0:00:30"]
[BlackClock "0:01:26"]

1. d4 Nf6 2. Bf4 e6 3. e3 b6 4. Nf3 Bb7 5. Nbd2 Be7 6. Bd3 Nh5 7. c3 Nxf4 8. exf4 c5 9. h4 cxd4 10. cxd4 Nc6 11. a3 Bf6 12. d5 Ne7 13. dxe6 dxe6 14. Bb5+ Kf8 15. Rb1 h5 16. Qe2 g6 17. Ne4 Bxe4 18. Qxe4 Kg7 19. O-O Qd5 20. Qxd5 Nxd5 21. g3 Rac8 22. Ne5 Rc5 23. Ba6 Bxe5 24. fxe5 Nc7 25. Bd3 Rd8 26. Rfd1 Rxe5 27. Bf1 Rxd1 28. Rxd1 Rd5 29. Rc1 Rc5 30. Rxc5 bxc5 31. f4 Kf6 32. Kf2 Ke7 33. Ke3 Kd6 34. Kd3 Nd5 35. Bg2 Ne7 36. Be4 Nf5 37. Bxf5 gxf5 38. Kc4 f6 0-1


[Site "https://www.chess.com"]

[Event "Titled Tuesday Blitz April 4 Early 2023"]
[White "Shvedova, Alexandra"]
[Black "Sokolovsky, Yahli"]
[WhiteFideId "54154782"]
[BlackFideId "2820242"]
[WhiteElo "2057"]
[BlackElo "2316"]
[Result "1-0"]
[Round "05"]
[TimeControl "180+2"]
[Date "2023.04.04"]
[WhiteClock "0:00:07"]
[BlackClock "0:00:08"]

1. d4 d5 2. c4 c6 3. Nf3 Nf6 4. g3 Bf5 5. Qb3 Qb6 6. c5 Qxb3 7. axb3 Nbd7 8. Nc3 e6 9. b4 Ne4 10. Nh4 Ndf6 11. f3 Nxc3 12. bxc3 Be7 13. Nxf5 exf5 14. Kf2 O-O 15. Be3 Rfe8 16. Bh3 g6 17. Ra2 a6 18. Bf4 Nh5 19. Bc1 Bf6 20. Re1 Re7 21. Kf1 Rae8 22. g4 fxg4 23. fxg4 Bh4 24. gxh5 Bxe1 25. Kxe1 f5 26. h6 Re4 27. Bg5 Kf7 28. Kf2 R4e6 29. e3 Re4 30. Ra1 Kf8 31. Rg1 Kf7 32. Rg3 Kf8 33. Bg2 R4e6 34. Bf3 Kf7 35. h4 Rg8 36. Bf4 Ke8 37. h5 Kd7 38. Rg5 Ke7 39. hxg6 Rexg6 40. Rxf5 Rg1 41. Re5+ Kf6 42. Re8 R1g2+ 43. Bxg2 Rxe8 44. Bf3 Kg6 45. Kg3 Kf5 46. Kh4 Rg8 47. Be2 Rg2 48. Bd3+ Kf6 49. Bxh7 Rg1 50. Kh3 Rh1+ 51. Kg2 Rh5 52. Bd3 Kf7 53. h7 Kg7 54. Be5+ Rxe5 55. dxe5 d4 56. exd4 a5 57. bxa5 b6 58. axb6 Kh8 59. b7 Kg7 60. b8=Q Kh6 61. Qe8 Kg5 62. Qxc6 Kf4 63. Qf3+ Kg5 64. Qf5+ 1-0


[Site "https://www.chess.com"]

[Event "Titled Tuesday Blitz April 4 Early 2023"]
[White "Srinath, Rao S.V."]
[Black "Przybylski, Wojciech"]
[WhiteFideId "5028876"]
[BlackFideId "1117599"]
[WhiteElo "2196"]
[BlackElo "2222"]
[Result "0-1"]
[Round "05"]
[TimeControl "180+2"]
[Date "2023.04.04"]
[WhiteClock "0:00:11"]
[BlackClock "0:00:08"]

1. Nf3 Nf6 2. d4 d5 3. c4 c6 4. e3 Bf5 5. Nbd2 e6 6. Qb3 Qc8 7. Nh4 Be4 8. f3 Bg6 9. Nxg6 hxg6 10. e4 dxe4 11. Nxe4 Nxe4 12. fxe4 e5 13. d5 Nd7 14. Be3 Bc5 15. Be2 O-O 16. h4 cxd5 17. cxd5 Bxe3 18. Qxe3 Qc5 19. Qb3 Nf6 20. Bf3 Rac8 21. Ke2 Qc2+ 22. Qxc2 Rxc2+ 23. Kd3 Rxb2 24. Rab1 Rxa2 25. Rxb7 Rc8 26. Rhb1 Ra3+ 27. Kd2 Ra4 28. R1b4 Ra2+ 29. Rb2 Ra4 30. R2b4 Rxb4 31. Rxb4 a5 32. Ra4 Ra8 33. Kc3 Ne8 34. Kc4 Rc8+ 35. Kb5 Nd6+ 36. Kxa5 f5 37. Kb6 Kf7 38. Ra7+ Kf6 39. Rd7 Nc4+ 40. Kb7 Re8 41. Rc7 Nd6+ 42. Kc6 Nxe4 43. Bxe4 fxe4 44. d6 e3 45. d7 Rd8 46. Rc8 Ke7 47. Rc7 e2 0-1


[Site "https://www.chess.com"]

[Event "Titled Tuesday Blitz April 4 Early 2023"]
[White "Vafin, Ayrat"]
[Black "Itgelt, Khuyagtsogt"]
[WhiteFideId "4146530"]
[BlackFideId "4902912"]
[WhiteElo "2317"]
[BlackElo "2227"]
[Result "0-1"]
[Round "05"]
[TimeControl "180+2"]
[Date "2023.04.04"]
[WhiteClock "0:00:02"]
[BlackClock "0:00:22"]

1. Nf3 Nf6 2. g3 g6 3. Bg2 Bg7 4. O-O O-O 5. c4 c6 6. d4 d5 7. cxd5 cxd5 8. Ne5 Nc6 9. Nxc6 bxc6 10. Nc3 Bf5 11. b3 Qa5 12. Bd2 Qa6 13. Rc1 Nd7 14. Bf4 Rfc8 15. Qd2 Qb6 16. Rfd1 a5 17. Na4 Qb4 18. Rc3 e5 19. dxe5 Nxe5 20. Bxe5 Bxe5 21. Re3 Qxd2 22. Rxd2 Re8 23. Nc5 Bd6 24. Rxe8+ Rxe8 25. Nd3 f6 26. Rc2 Bd7 27. Bf3 Kf7 28. Nc5 Bf5 29. Nd3 Bd7 30. Nc5 Ke7 31. Nxd7 Kxd7 32. Kg2 Rb8 33. e3 f5 34. h4 Rb4 35. Kf1 a4 36. bxa4 Rxa4 37. Ke2 Be5 38. Kd1 Kd6 39. Be2 c5 40. Bb5 Ra5 41. Be2 h6 42. f4 Bf6 43. Ke1 h5 44. Kf2 c4 45. Bf3 Kc5 46. Rd2 d4 47. exd4+ Bxd4+ 48. Ke2 Ra3 49. Bg2 Rxg3 50. Kf1 Rg4 51. Re2 Rxf4+ 52. Ke1 Rxh4 53. Re8 Kb4 54. Kd2 Rh2 55. Re2 g5 56. Kd1 g4 57. Kd2 h4 58. Bd5 c3+ 59. Kd3 Rxe2 60. Kxe2 f4 61. Kd3 f3 62. Be6 f2 63. Ke2 c2 64. Kd2 f1=Q 0-1


[Site "https://www.chess.com"]

[Event "Titled Tuesday Blitz April 4 Early 2023"]
[White "Bowden, Karl"]
[Black "Taboas Rodriguez, Daniel"]
[WhiteFideId "400548"]
[BlackFideId "2208466"]
[WhiteElo "2449"]
[BlackElo "2365"]
[Result "1-0"]
[Round "05"]
[TimeControl "180+2"]
[Date "2023.04.04"]
[WhiteClock "0:01:04"]
[BlackClock "0:00:15"]

1. e4 e5 2. Nf3 Nc6 3. Bb5 Nf6 4. O-O Nxe4 5. Re1 Nd6 6. Nxe5 Be7 7. Bd3 O-O 8. Nc3 Nxe5 9. Rxe5 Bf6 10. Re3 g6 11. b3 Re8 12. Ba3 Rxe3 13. fxe3 Ne8 14. Qf3 d6 15. Rf1 Be6 16. Qxb7 a5 17. Qf3 Rb8 18. Ne4 Bg7 19. Bc4 d5 20. Nc5 dxc4 21. Nxe6 fxe6 22. Qf7+ Kh8 23. Bb2 h6 24. Qf8+ Kh7 25. Rf7 c3 26. Bxc3 e5 27. Bxe5 1-0


[Site "https://www.chess.com"]

[Event "Titled Tuesday Blitz April 4 Early 2023"]
[White "a-z30"]
[Black "Jakubowski, Krzysztof"]
[BlackFideId "1112848"]
[WhiteElo "2434"]
[BlackElo "2359"]
[Result "1-0"]
[Round "05"]
[TimeControl "180+2"]
[Date "2023.04.04"]
[WhiteClock "0:00:12"]
[BlackClock "0:00:02"]

1. d3 g6 2. Nf3 Bg7 3. g3 d5 4. Bg2 e5 5. O-O c5 6. c4 d4 7. e3 Nc6 8. exd4 cxd4 9. Re1 Nge7 10. Bg5 f6 11. Bd2 a5 12. Na3 O-O 13. Nb5 Bf5 14. Bf1 Qd7 15. a3 a4 16. Bb4 Nxb4 17. axb4 Bg4 18. Bg2 Nc6 19. Rxa4 Rxa4 20. Qxa4 Qf5 21. Qb3 Bxf3 22. c5+ Kh8 23. Nd6 Qh5 24. Nf7+ Rxf7 25. Qxf7 h6 26. b5 Nb4 27. c6 bxc6 28. Ra1 Bd5 29. Bxd5 Nxd5 30. Ra8+ Kh7 31. Qg8# 1-0


[Site "https://www.chess.com"]

[Event "Titled Tuesday Blitz April 4 Early 2023"]
[White "Poliakova, Varvara"]
[Black "nicolasulaneobelassi"]
[WhiteFideId "13518313"]
[WhiteElo "2075"]
[BlackElo "2296"]
[Result "0-1"]
[Round "05"]
[TimeControl "180+2"]
[Date "2023.04.04"]
[WhiteClock "0:00:02"]
[BlackClock "0:00:04"]

1. e4 e5 2. Nf3 Nc6 3. Bc4 Nf6 4. d3 Bc5 5. c3 d6 6. Bb3 a6 7. Nbd2 Ba7 8. O-O Be6 9. h3 Qe7 10. Nc4 h6 11. Re1 g5 12. Nh2 O-O-O 13. d4 exd4 14. Qf3 Ne5 15. Nxe5 dxe5 16. cxd4 Bxd4 17. Be3 Bxe3 18. Rxe3 Rd4 19. Bc2 Rhd8 20. Rc3 Nd7 21. Rc1 Nb6 22. Bb3 Bxb3 23. axb3 c6 24. Ng4 Qe6 25. Qf5 Rd1+ 26. Kh2 Rxc1 27. Rxc1 Qxf5 28. exf5 Rd2 29. f3 Nd5 30. Nxe5 Nf4 31. Rg1 Ne2 32. Nc4 Rc2 33. Re1 Nf4 34. Rg1 Ne2 35. Rd1 Nf4 36. Rd2 Rxd2 37. Nxd2 Kc7 38. Kg3 Kd6 39. Kg4 f6 40. Nc4+ Kc5 41. Kg3 h5 42. h4 Ne2+ 43. Kf2 Nd4 44. hxg5 fxg5 45. f6 Ne6 46. Ne5 Kd6 47. Nf7+ Kd5 48. Nh8 Ke5 49. Nf7+ Kxf6 50. Nd6 b5 51. Ne4+ Kf5 52. Ke3 Nf4 53. g3 Nd5+ 54. Kd4 g4 55. Nd6+ Ke6 56. fxg4 hxg4 57. Ne4 Nc7 58. Kc5 Ke5 59. Nf2 Kf5 60. Kxc6 Ne6 61. Kb6 Nd4 62. Kxa6 Nxb3 63. Kxb5 Nc1 64. b4 Ne2 65. Nh1 Ke4 66. Kc5 Nd4 67. b5 Nxb5 68. Kxb5 Kf3 69. Kc4 Kg2 70. Kd3 Kxh1 71. Ke3 Kg2 72. Ke2 Kxg3 73. Kf1 Kh2 0-1


[Site "https://www.chess.com"]

[Event "Titled Tuesday Blitz April 4 Early 2023"]
[White "Klepikov, Nikita"]
[Black "Belozerov, Andrei"]
[WhiteFideId "24145220"]
[BlackFideId "4120213"]
[WhiteElo "2025"]
[BlackElo "2373"]
[Result "0-1"]
[Round "05"]
[TimeControl "180+2"]
[Date "2023.04.04"]
[WhiteClock "0:00:02"]
[BlackClock "0:00:49"]

1. e4 c5 2. Nf3 Nc6 3. d4 cxd4 4. Nxd4 g6 5. Nc3 Bg7 6. Be3 Nf6 7. Bc4 O-O 8. Bb3 d6 9. f3 Bd7 10. Qd2 Rc8 11. O-O-O Nxd4 12. Bxd4 b5 13. g4 b4 14. Nd5 Nxd5 15. Bxg7 Kxg7 16. Qxd5 a5 17. h4 a4 18. Bc4 Kg8 19. Qd4 Qc7 20. b3 Be6 21. h5 Bxc4 22. hxg6 fxg6 23. Rxh7 Kxh7 24. Rh1+ Kg8 25. bxc4 Qxc4 26. Rh8+ Kf7 0-1


[Site "https://www.chess.com"]

[Event "Titled Tuesday Blitz April 4 Early 2023"]
[White "Rosenberg, Evan S"]
[Black "Guz, Ari"]
[WhiteFideId "2019299"]
[BlackFideId "2825759"]
[WhiteElo "2219"]
[BlackElo "2205"]
[Result "1-0"]
[Round "05"]
[TimeControl "180+2"]
[Date "2023.04.04"]
[WhiteClock "0:00:08"]
[BlackClock "0:00:05"]

1. d4 d5 2. Nf3 Bf5 3. c4 e6 4. Qb3 Nc6 5. Bd2 a5 6. a3 Rb8 7. e3 Be7 8. cxd5 exd5 9. Bb5 Nf6 10. Bxa5 O-O 11. Bd2 Ne4 12. Nc3 Na5 13. Qxd5 Nxd2 14. Nxd2 Qc8 15. Be2 b6 16. O-O c5 17. Rac1 Bf6 18. b4 Rd8 19. Qf3 Nb7 20. bxc5 bxc5 21. Nce4 Be7 22. Nb3 h5 23. h3 Qe6 24. Nbxc5 Nxc5 25. Nxc5 Bxc5 26. Rxc5 Be4 27. Qxh5 Rb2 28. Bc4 Qf6 29. Qe5 Qg6 30. Qg5 Qd6 31. Re5 Rf8 32. Rxe4 g6 33. Rf4 Kg7 34. h4 Rc2 35. Bd3 Rc3 36. Be4 Rh8 37. g4 Rxa3 38. h5 Ra7 39. hxg6 fxg6 40. Rc1 1-0


[Site "https://www.chess.com"]

[Event "Titled Tuesday Blitz April 4 Early 2023"]
[White "Bilan, Danila"]
[Black "Acikel, Mert"]
[WhiteFideId "24161918"]
[BlackFideId "12956465"]
[WhiteElo "2182"]
[BlackElo "2097"]
[Result "1-0"]
[Round "05"]
[TimeControl "180+2"]
[Date "2023.04.04"]
[WhiteClock "0:01:58"]
[BlackClock "0:02:17"]

1. d4 d5 2. Nf3 Nf6 3. c4 e6 4. Nc3 Be7 5. Bf4 O-O 6. e3 Nbd7 7. Bd3 c5 8. cxd5 Nxd5 9. Nxd5 exd5 10. O-O Bf6 11. Rc1 b6 12. Bd6 Re8 13. Bb5 a6 14. Bc6 Ra7 15. dxc5 bxc5 16. Bxc5 Nxc5 17. Bxe8 1-0


[Site "https://www.chess.com"]

[Event "Titled Tuesday Blitz April 4 Early 2023"]
[White "Salman, Pavel"]
[Black "Vidit, Santosh Gujrathi"]
[WhiteFideId "24153753"]
[BlackFideId "5029465"]
[WhiteElo "2187"]
[BlackElo "2651"]
[Result "0-1"]
[Round "05"]
[TimeControl "180+2"]
[Date "2023.04.04"]
[WhiteClock "0:00:46"]
[BlackClock "0:01:33"]

1. g3 e5 2. Bg2 d5 3. d3 Nf6 4. Nd2 Bc5 5. c3 O-O 6. h3 Re8 7. e4 Be6 8. Qe2 Nc6 9. Ngf3 h6 10. O-O a5 11. a4 Qd7 12. Kh2 Rad8 13. Nh4 dxe4 14. dxe4 Qd3 15. Qxd3 Rxd3 16. Nf5 Red8 17. Nb1 Rd1 18. Rxd1 Rxd1 19. Be3 Bxf5 20. exf5 Bxe3 21. fxe3 e4 22. g4 Ne5 23. Kg3 Nd3 24. b3 Re1 25. Kh2 Nc5 26. b4 Nb3 27. Ra2 Rxb1 28. bxa5 Nxa5 29. Rd2 Rc1 30. Kg3 Rxc3 31. Kf4 c6 32. h4 Nd5+ 33. Kxe4 Rxe3+ 34. Kd4 Nb3+ 0-1


[Site "https://www.chess.com"]

[Event "Titled Tuesday Blitz April 4 Early 2023"]
[White "Korelskiy, Egor"]
[Black "Hayrapetyan, Artavazd R."]
[WhiteFideId "34329064"]
[BlackFideId "13304240"]
[WhiteElo "2186"]
[BlackElo "2417"]
[Result "0-1"]
[Round "05"]
[TimeControl "180+2"]
[Date "2023.04.04"]
[WhiteClock "0:00:24"]
[BlackClock "0:01:30"]

1. e4 c6 2. Nc3 d5 3. Nf3 dxe4 4. Nxe4 Nf6 5. Qe2 Nxe4 6. Qxe4 Qd5 7. Qe3 Qe6 8. b3 Qxe3+ 9. fxe3 f6 10. Bb2 e5 11. d4 exd4 12. exd4 Be6 13. O-O-O Nd7 14. Re1 Kf7 15. Bd3 g6 16. Rhf1 Bh6+ 17. Kb1 Rhe8 18. h3 Kg7 19. c4 Rad8 20. Kc2 Bf4 21. Re2 Bg3 22. Nd2 Bf7 23. Ne4 Bc7 24. g4 g5 25. Ng3 Bxg3 26. Rg2 Bf4 27. h4 h6 28. hxg5 hxg5 29. Bc3 Bg6 30. Bxg6 Kxg6 31. Rh1 Rh8 32. Re1 Rde8 33. Rf1 Rh3 34. Rff2 Re4 35. a4 Ree3 36. Bd2 Rxb3 37. Bxf4 Rhc3+ 38. Kd2 gxf4 39. Rxf4 Rxc4 40. Rff2 Rxd4+ 41. Kc2 Ra3 42. Kb2 Rdxa4 43. Kb1 Ra1+ 44. Kc2 R4a2+ 45. Kd3 Rxf2 46. Rxf2 Ne5+ 47. Ke4 Nxg4 48. Rg2 f5+ 49. Kf4 Ra4+ 50. Kf3 Kg5 51. Re2 Rf4+ 52. Kg3 Re4 53. Rd2 f4+ 54. Kf3 Re3+ 55. Kg2 f3+ 56. Kf1 f2 57. Rd1 Kf4 58. Rd4+ Kf3 59. Rd3 Nh2# 0-1


[Site "https://www.chess.com"]

[Event "Titled Tuesday Blitz April 4 Early 2023"]
[White "Sousa, Andre Ventura"]
[Black "Urazayev, Arystanbek"]
[WhiteFideId "1917617"]
[BlackFideId "13709810"]
[WhiteElo "2348"]
[BlackElo "2449"]
[Result "1-0"]
[Round "05"]
[TimeControl "180+2"]
[Date "2023.04.04"]
[WhiteClock "0:00:41"]
[BlackClock "0:00:31"]

1. e4 c6 2. d4 d5 3. Nd2 dxe4 4. Nxe4 Bf5 5. Qf3 e6 6. Ne2 Nd7 7. N2g3 Bxe4 8. Nxe4 Ngf6 9. c3 Nxe4 10. Qxe4 Nf6 11. Qf3 Qd5 12. Be2 Qxf3 13. Bxf3 Be7 14. a4 O-O 15. a5 a6 16. O-O Rfd8 17. Re1 Nd5 18. Bd2 Bf6 19. Rad1 Rac8 20. b4 g6 21. g3 h5 22. h3 Kg7 23. Kg2 Ne7 24. g4 hxg4 25. hxg4 g5 26. Be4 Ng6 27. Be3 Be7 28. Rb1 f5 29. gxf5 exf5 30. Bc2 Nh4+ 31. Kf1 Bf6 32. f4 g4 33. Bf2 Nf3 34. Bxf5 Nxe1 35. Bxc8 Nf3 36. Bxb7 Nd2+ 37. Kg2 Nxb1 38. Be1 Nxc3 39. Bxc3 Bxd4 40. Be1 Re8 41. Kf1 Re3 42. Bxc6 Rb3 43. Bb7 Rb1 44. Ke2 Rb2+ 45. Kd3 Bf2 46. Bc3+ 1-0


[Site "https://www.chess.com"]

[Event "Titled Tuesday Blitz April 4 Early 2023"]
[White "Pichot, Alan"]
[Black "Novikov, Evgenij"]
[WhiteFideId "110973"]
[BlackFideId "4125380"]
[WhiteElo "2573"]
[BlackElo "2242"]
[Result "1-0"]
[Round "05"]
[TimeControl "180+2"]
[Date "2023.04.04"]
[WhiteClock "0:00:05"]
[BlackClock "0:00:02"]

1. e4 c6 2. d4 g6 3. Nc3 Bg7 4. h3 Qc7 5. Nf3 d6 6. Bc4 e6 7. Bb3 h6 8. O-O Ne7 9. Re1 O-O 10. Bf4 g5 11. Bg3 Ng6 12. e5 d5 13. Ne2 c5 14. c3 Nc6 15. Bc2 Nce7 16. Nc1 cxd4 17. cxd4 b6 18. Nh2 Ba6 19. Ne2 Rac8 20. Nc3 Rfd8 21. Qh5 Nf5 22. Rad1 b5 23. a3 b4 24. axb4 Rb8 25. Ng4 Kh7 26. b5 Bxb5 27. Ne3 Nxe3 28. fxe3 Be8 29. Rb1 Rb4 30. Rf1 Rdb8 31. Qe2 Kg8 32. Bd3 Qb6 33. Rf2 a5 34. h4 gxh4 35. Bf4 a4 36. Qg4 Rb3 37. Bc2 Rb4 38. Na2 Rc4 39. Bd3 Rc7 40. Nc3 Rbc8 41. Kh1 Ra7 42. Nxd5 exd5 43. Qxc8 Re7 44. Rc1 Kh7 45. Bh2 Qb3 46. Qc3 Qb6 47. Rcf1 Rc7 48. Qd2 Qb7 49. Rf5 Re7 50. Qf2 Qd7 51. Rh5 Qe6 52. Bf5 Qb6 53. Qxh4 Qc7 54. Bf4 Qa7 55. Bxh6 Kg8 56. Bxg7 Qa6 57. Rh8+ Kxg7 58. Qh6# 1-0


[Site "https://www.chess.com"]

[Event "Titled Tuesday Blitz April 4 Early 2023"]
[White "NiklasSchmider"]
[Black "Pranav Anand"]
[BlackFideId "46626786"]
[WhiteElo "2502"]
[BlackElo "2389"]
[Result "1-0"]
[Round "05"]
[TimeControl "180+2"]
[Date "2023.04.04"]
[WhiteClock "0:00:21"]
[BlackClock "0:01:04"]

1. e4 c5 2. Nf3 Nc6 3. d4 cxd4 4. Nxd4 Nf6 5. Nc3 d6 6. Bg5 e6 7. Qd2 a6 8. O-O-O Bd7 9. f4 b5 10. Bxf6 gxf6 11. Kb1 Qb6 12. Nxc6 Bxc6 13. Qe1 Be7 14. f5 b4 15. Ne2 e5 16. Ng3 h5 17. h4 Qc5 18. Be2 Rg8 19. Bxh5 Bf8 20. Bf3 Bh6 21. Nh5 Ke7 22. g4 Qe3 23. Qxe3 Bxe3 24. Nxf6 Rgc8 25. g5 Bd4 26. Nd5+ Bxd5 27. exd5 f6 28. g6 Be3 29. Rd3 Bh6 30. Rg1 Bg7 31. Rg4 a5 32. a3 Rab8 33. axb4 Rxb4 34. Ra3 Rc5 35. Rxa5 Rxg4 36. Ra7+ Kf8 37. Bxg4 Rc4 38. Be2 Rxh4 39. Ra8+ Ke7 40. Rg8 Bh6 41. Bb5 Rg4 42. Re8# 1-0


[Site "https://www.chess.com"]

[Event "Titled Tuesday Blitz April 4 Early 2023"]
[White "Mouhamad, Joachim"]
[Black "Dehtiarov, Roman"]
[WhiteFideId "656410"]
[BlackFideId "14186640"]
[WhiteElo "2125"]
[BlackElo "2189"]
[Result "0-1"]
[Round "05"]
[TimeControl "180+2"]
[Date "2023.04.04"]
[WhiteClock "0:00:02"]
[BlackClock "0:01:54"]

1. e4 e5 2. Nf3 Nc6 3. Bb5 a6 4. Ba4 Nf6 5. O-O Be7 6. d3 b5 7. Bb3 d6 8. c3 Bg4 9. a4 O-O 10. h3 Bh5 11. Re1 Na5 12. Bc2 c5 13. Nbd2 Nc6 14. Nf1 Re8 15. Ng3 Bg6 16. d4 cxd4 17. cxd4 Rc8 18. axb5 axb5 19. d5 Nb4 20. Bb1 Qc7 21. Bd2 Nc2 22. Bxc2 Qxc2 23. Qxc2 Rxc2 24. Bc3 Rb8 25. Nxe5 dxe5 26. Bxe5 Rd8 27. f3 Bc5+ 28. Kh1 Nd7 29. Bf4 h5 30. Re2 Rxe2 31. Nxe2 f6 32. b4 Bf8 33. Nd4 Ne5 34. Ra7 Nd3 35. Bc7 Rd7 36. Nxb5 Nxb4 37. Ra8 Kf7 38. d6 Nd3 39. Kh2 h4 40. g3 hxg3+ 41. Kxg3 f5 42. exf5 Bxf5 43. h4 g6 44. Nd4 Bh6 45. Nc6 Bf4+ 46. Kg2 Bxd6 47. Bxd6 Rxd6 48. Ra7+ Kf6 49. Nb4 Nxb4 0-1


[Site "https://www.chess.com"]